 Dungeon Crawl Stone Soup version 0.18-a0-1726-g399342b (webtiles) character file.

53 Ekaitz the Insei (level 3, 0/18 HPs)
             Began as a Vine Stalker Transmuter on Mar 28, 2016.
             Slain by a gnoll (2 damage)
             ... on level 2 of the Dungeon.
             The game lasted 00:02:51 (1101 turns).

Ekaitz the Insei (Vine Stalker Transmuter)          Turns: 1101, Time: 00:02:51

Health: 0/18       AC:  3    Str: 12    XL:     3   Next: 89%
Magic:  0/17       EV: 12    Int: 14    God:
Gold:   49         SH:  0    Dex: 18    Spells: 3 memorised, 1 level left

rFire  . . .     SeeInvis .       - Unarmed
rCold  . . .     Gourm    .     b - +0 robe
rNeg   . . .     Faith    .     (no shield)
rPois  .         Spirit   +     (no helmet)
rElec  .         Dismiss  .     (no cloak)
rCorr  .         Reflect  .     n - +0 pair of gloves
SustAt .         Harm     .     (no boots)
MR     .....                    (no amulet)
Stlth  ++........               g - +4 ring of dexterity
                                e - ring of magical power

@: not resistant to hostile enchantments, unstealthy
A: fangs 2, regeneration 1, magic shield, antimagic bite, no device heal 3, rot
immunity
a: no special abilities


You were on level 2 of the Dungeon.
You were not hungry.

You visited 1 branch of the dungeon, and saw 3 of its levels.

You collected 49 gold pieces.

Inventory:

Missiles
 a - 23 arrows
Armour
 b - a +0 robe (worn)
 n - a +0 pair of gloves (worn)
Jewellery
 e - a ring of magical power (left hand)
 g - a +4 ring of dexterity (right hand)
Scrolls
 f - a scroll of enchant armour {unknown}
 i - a scroll of identify {unknown}
 l - a scroll of recharging {unknown}
 m - a scroll of blinking {unknown}
 r - a scroll of teleportation {unknown}
Potions
 j - a potion of flight {unknown}
 k - 2 potions of curing {unknown}
 s - a potion of degeneration {unknown}
Books
 c - a book of Changes

   Spells                             Type                      Level
   a - Beastly Appendage              Transmutation                1
   b - Sticks to Snakes               Transmutation                2
   c - Spider Form                    Transmutation/Poison         3
   d - Ice Form                       Ice/Transmutation            4
   e - Blade Hands                    Transmutation                5
Miscellaneous
 o - a plain deck of summoning
Comestibles
 d - 2 bread rations
 h - 3 fruits
 p - a slice of pizza
 q - a beef jerky
 t - a meat ration


   Skills:
 + Level 1.1 Fighting
 + Level 1.8 Dodging
 + Level 3.4 Unarmed Combat
 + Level 2.7 Spellcasting
 * Level 2.6 Transmutations
 * Level 0.2 Poison Magic
 * Level 0.3 Evocations


You had one spell level left.
You knew the following spells:

 Your Spells              Type           Power        Failure   Level  Hunger
a - Beastly Appendage     Trmt           #.....       10%         1    #......
b - Sticks to Snakes      Trmt           #.......     14%         2    ###....
c - Spider Form           Trmt/Pois      #.........   38%         3    ###....


Dungeon Overview and Level Annotations

Branches:
Dungeon (3/15)

Altars:
Nemelex Xobeh
Ru
Trog
The Shining One


Innate Abilities, Weirdness & Mutations

You have extremely sharp teeth.
Your natural rate of healing is unusually fast.
When hurt, damage is shared between your health and your magic reserves.
Your bite disrupts and absorbs the magic of your enemies.
Potions and wands cannot restore your health.
You are immune to rotting.


Message History

Here: a gnoll, wielding an enchanted spear The floor.
The kobold hits you.
There is a stone staircase leading up here.
You hit the kobold but do no damage. Your bite misses the kobold.
The gnoll misses you. The kobold barely misses you.
You closely miss the kobold.
The gnoll hits you from afar with a halberd of venom!
The gnoll hits you from afar with an enchanted spear.
The kobold misses you.
Unknown command.
The gnoll hits you. The gnoll barely misses you.
The gnoll hits you from afar with an enchanted spear!
* * * LOW HITPOINT WARNING * * *
The kobold closely misses you.
You climb upwards.
There is a stone staircase leading down here.
Unknown command.
The gnoll hits you.
You die...

......#..........############
......#.#######..#..........#
#######.##....#..#.########.#
#.##)##.#..#.# #.#
#.##.#<.#..#.# #.#
#.##.#..#..#.# #.#
#.##.#..#..#.# #.#
#######.##.#..#.g#.# #.#
..............K>@..# #.#
#######.##.################.#
#...)....)................#
#.###.......###############
###.# #.......#
..#.####......#
#.....##......#
#.....##......#
#.....##......#


You could see a gnoll and a kobold.

Vanquished Creatures
  An adder (D:2)
  An ooze (D:2)
  A dart slug (D:1)
  2 giant geckos (D:2)
  A giant cockroach (D:1)
  4 goblins
  2 hobgoblins
  9 jackals
  3 bats (D:2)
  2 giant newts
  5 kobolds
  3 rats
34 creatures vanquished.

Notes
Turn   | Place    | Note
--------------------------------------------------------------
     0 | D:1      | Ekaitz the Vine Stalker Transmuter began the quest for the Orb.
     0 | D:1      | Reached XP level 1. HP: 9/9 MP: 4/4
   160 | D:1      | Reached XP level 2. HP: 12/14 MP: 6/6
   165 | D:1      | Learned a level 2 spell: Sticks to Snakes
   490 | D:2      | Found a glowing golden altar of the Shining One.
   490 | D:2      | Found a bloodstained altar of Trog.
   495 | D:2      | Found a sacrificial altar of Ru.
   628 | D:2      | Reached XP level 3. HP: 15/17 MP: 7/7
   649 | D:2      | Learned a level 3 spell: Spider Form
   723 | D:2      | Found a sparkling altar of Nemelex Xobeh.
   809 | D:2      | Reached skill level 1 in Fighting
  1101 | D:2      | Slain by a gnoll

Vault maps used:
D:1:      matt_arrival_diagonals
D:2:      nemelex_deck, minitemple, first_bread
D:3:      lemuel_crystal_altar, minivault_14, serial_bayou_pond_d,
          minmay_misc_feat_enclosed

Skill      XL: |  1  2  3 |
---------------+----------+-----
Fighting       | 1 |  1.1
Dodging        | |  1.8
Unarmed Combat | |  3.4
Spellcasting   | |  2.7
Transmutations | |  2.6
Poison Magic   | |  0.2
Evocations     | |  0.3

Action                   || total
-------------------------++-------
Melee: Unarmed           ||    97
 Cast: Beastly Appendage ||     5
       Spider Form       ||     2
 Stab: Sleeping          ||     3
  Eat: Chunk             ||     1
